| TOP OF THE 1ST |
|
Windy City ThunderBolts batting - Pitching for New Jersey Devils : RHP Jason Horvath
|
|
Pitching: RHP Jason Horvath
|
|
|
Batting: LHB Adam Tarbutton
|
0-0: Reached via error on a dropped throw from 1B, E1 (Groundball, 34, EV 83.8 MPH)
|
|
Batting: LHB Matt Hyde
|
0-0: Ball 1-0: Called Strike Adam Tarbutton is caught stealing 2nd base 2-6 1-1: Foul Ball, location: 2F 1-2: Foul Ball, location: 2F 1-2: SOLO HOME RUN (Flyball, 89XD, EV 101.2 MPH), Distance : 416 ft
|
|
Batting: RHB Adan Lake
|
0-0: Called Strike 0-1: Fly out, F8 (Flyball, 8RD, EV 93.8 MPH)
|
|
Batting: RHB Mike Rosa
|
0-0: SINGLE (Groundball, 34D, EV 95.0 MPH)
|
|
Batting: RHB Armando Vazquez
|
0-0: Ground out 5-3 (Groundball, 56S, EV 62.5 MPH)
|
| Top of the 1st over - 1 run, 2 hits, 1 error, 1 left on base; Windy City 1 - New Jersey 0 |
| BOTTOM OF THE 1ST |
|
New Jersey Devils batting - Pitching for Windy City ThunderBolts : LHP Juan Fuentes
|
|
Pitching: LHP Juan Fuentes
|
|
|
Batting: RHB Larry Shoop
|
0-0: Called Strike 0-1: Swinging Strike 0-2: Foul Ball, location: 2F 0-2: Strikes out swinging
|
|
Batting: RHB Chris Graham
|
0-0: Ball 1-0: Called Strike 1-1: Ball 2-1: Ball 3-1: Base on Balls
|
|
Batting: RHB Gang-sheng Chew
|
0-0: Ball 1-0: Ball 2-0: Ball 3-0: Called Strike 3-1: 2-RUN HOME RUN (Flyball, 89XD, EV 104.4 MPH), Distance : 407 ft
|
|
Batting: SHB Alex Cavazos
|
0-0: Called Strike 0-1: Ball 1-1: Foul Ball, location: 2F 1-2: Strikes out swinging
|
|
Batting: RHB Chris Artz
|
0-0: Called Strike 0-1: Ball 1-1: Ball 2-1: Ball 3-1: Swinging Strike 3-2: Strikes out swinging
|
| Bottom of the 1st over - 2 runs, 1 hit, 0 errors, 0 left on base; Windy City 1 - New Jersey 2 |
| TOP OF THE 2ND |
|
Windy City ThunderBolts batting - Pitching for New Jersey Devils : RHP Jason Horvath
|
|
Batting: LHB Eddie Reyes
|
0-0: Called Strike 0-1: Foul Ball, location: 2F 0-2: Ground out 4-3 (Groundball, 4, EV 76.9 MPH)
|
|
Batting: RHB Vladmiri Nugaibekov
|
0-0: Called Strike 0-1: Ball 1-1: Ball 2-1: SINGLE (Flyball, 8RS, EV 92.5 MPH)
|
|
Batting: RHB Mario Gomez
|
0-0: Fly out, F4 (Line Drive, 4, EV 65.6 MPH)
|
|
Batting: SHB Alfie Bungledorf
|
0-0: Called Strike 0-1: Ball 1-1: Foul Ball, location: 2F 1-2: Foul Ball, location: 2F 1-2: Strikes out swinging
|
| Top of the 2nd over - 0 runs, 1 hit, 0 errors, 1 left on base; Windy City 1 - New Jersey 2 |
| BOTTOM OF THE 2ND |
|
New Jersey Devils batting - Pitching for Windy City ThunderBolts : LHP Juan Fuentes
|
|
Batting: RHB Jose Lara
|
0-0: Ball 1-0: SINGLE (Groundball, 4D, EV 95.0 MPH)
|
|
Batting: SHB Keith Casner
|
0-0: Fly out, F6 (Flyball, 6D, EV 81.2 MPH)
|
|
Batting: SHB Jerry Burrows
|
0-0: Called Strike 0-1: Foul Ball, location: 2F 0-2: Foul Ball, location: 2F 0-2: Ball Wild Pitch! Jose Lara to second 1-2: Ball 2-2: Foul Ball, location: 2F 2-2: Ball 3-2: Foul Ball, location: 2F 3-2: SINGLE (Groundball, 5S, EV 70.6 MPH) (infield hit) Jose Lara to third
|
|
Batting: RHB Mike Hanks
|
0-0: Foul Ball, location: 2F 0-1: Ball 1-1: Ball 2-1: Fly out, F9 (Flyball, 9LM, EV 87.5 MPH) Runner from 3rd tags up, SCORES, throw by RF
|
|
Batting: RHB Larry Shoop
|
0-0: Swinging Strike 0-1: Called Strike 0-2: Ball 1-2: Foul Ball, location: 2F 1-2: Foul Ball, location: 2F 1-2: Strikes out swinging
|
| Bottom of the 2nd over - 1 run, 2 hits, 0 errors, 1 left on base; Windy City 1 - New Jersey 3 |
| TOP OF THE 3RD |
|
Windy City ThunderBolts batting - Pitching for New Jersey Devils : RHP Jason Horvath
|
|
Batting: LHB Adam Tarbutton
|
0-0: Ball 1-0: Ball 2-0: Called Strike 2-1: Ground out 5-3 (Groundball, 56, EV 98.1 MPH)
|
|
Batting: LHB Matt Hyde
|
0-0: Foul Ball, location: 2F 0-1: Swinging Strike 0-2: Fly out, F7 (Flyball, 7D, EV 100.6 MPH)
|
|
Batting: RHB Adan Lake
|
0-0: Called Strike 0-1: Ball 1-1: Foul Ball, location: 2F 1-2: Ball 2-2: Ball 3-2: Foul Ball, location: 2F 3-2: Ground out U3 (Groundball, 3S, EV 85.0 MPH)
|
| Top of the 3rd over - 0 runs, 0 hits, 0 errors, 0 left on base; Windy City 1 - New Jersey 3 |
| BOTTOM OF THE 3RD |
|
New Jersey Devils batting - Pitching for Windy City ThunderBolts : LHP Juan Fuentes
|
|
Batting: RHB Chris Graham
|
0-0: Ball 1-0: Called Strike 1-1: Ball 2-1: Fly out, F8 (Flyball, 8LM, EV 79.4 MPH)
|
|
Batting: RHB Gang-sheng Chew
|
0-0: Ball 1-0: Fly out, F7 (Line Drive, 7, EV 91.2 MPH)
|
|
Batting: SHB Alex Cavazos
|
0-0: Ball 1-0: Ground out 5-3 (Groundball, 56S, EV 88.8 MPH)
|
| Bottom of the 3rd over - 0 runs, 0 hits, 0 errors, 0 left on base; Windy City 1 - New Jersey 3 |
| TOP OF THE 4TH |
|
Windy City ThunderBolts batting - Pitching for New Jersey Devils : RHP Jason Horvath
|
|
Pitching: LHP Dan Bremseth
|
|
|
Batting: RHB Mike Rosa
|
0-0: Ball 1-0: Ball 2-0: Called Strike 2-1: Foul Ball, location: 2F 2-2: Foul Ball, location: 2F 2-2: Ball 3-2: Fly out, F9 (Line Drive, 9, EV 94.4 MPH)
|
|
Batting: RHB Armando Vazquez
|
0-0: Fly out, F9 (Flyball, 89S, EV 78.1 MPH)
|
|
Batting: LHB Eddie Reyes
|
0-0: Ball 1-0: Foul Ball, location: 2F 1-1: Called Strike 1-2: Ground out U3 (Groundball, 3, EV 86.9 MPH)
|
| Top of the 4th over - 0 runs, 0 hits, 0 errors, 0 left on base; Windy City 1 - New Jersey 3 |
| BOTTOM OF THE 4TH |
|
New Jersey Devils batting - Pitching for Windy City ThunderBolts : LHP Juan Fuentes
|
|
Batting: RHB Chris Artz
|
0-0: Called Strike 0-1: Called Strike 0-2: Strikes out looking
|
|
Batting: RHB Jose Lara
|
0-0: Swinging Strike 0-1: Reached on error, E6 (Line Drive, 6, EV 67.5 MPH)
|
|
Batting: SHB Keith Casner
|
0-0: Ball 1-0: Reached on error, E5 (Groundball, 56S, EV 83.1 MPH) Jose Lara to second
|
|
Batting: SHB Jerry Burrows
|
0-0: Ball 1-0: Ball 2-0: Called Strike 2-1: Grounds into double play, 6-4-3 (Groundball, 6D, EV 100.6 MPH)
|
| Bottom of the 4th over - 0 runs, 0 hits, 2 errors, 1 left on base; Windy City 1 - New Jersey 3 |
| TOP OF THE 5TH |
|
Windy City ThunderBolts batting - Pitching for New Jersey Devils : LHP Dan Bremseth
|
|
Batting: RHB Vladmiri Nugaibekov
|
0-0: Called Strike 0-1: Ball 1-1: Fly out, F9 (Flyball, 9S, EV 91.9 MPH)
|
|
Batting: RHB Mario Gomez
|
0-0: Ball 1-0: Ball 2-0: SINGLE (Groundball, 4MD, EV 96.9 MPH)
|
|
Batting: SHB Alfie Bungledorf
|
0-0: Ball 1-0: Fly out, F8 (Flyball, 8LD, EV 91.9 MPH)
|
|
Batting: LHB Adam Tarbutton
|
0-0: DOUBLE (Line Drive, 9LS, EV 98.1 MPH) Mario Gomez to third Runner from 3rd tries for Home, SAFE, throw by RF to trailing runner, SAFE at third!
|
|
Batting: LHB Matt Hyde
|
0-0: Ball 1-0: Swinging Strike 1-1: Swinging Strike 1-2: Ground out U3 (Groundball, 3, EV 82.5 MPH)
|
| Top of the 5th over - 1 run, 2 hits, 0 errors, 1 left on base; Windy City 2 - New Jersey 3 |
| BOTTOM OF THE 5TH |
|
New Jersey Devils batting - Pitching for Windy City ThunderBolts : LHP Juan Fuentes
|
|
Batting: RHB Mike Hanks
|
0-0: Called Strike 0-1: Ball 1-1: Ball 2-1: Swinging Strike 2-2: Strikes out swinging
|
|
Batting: RHB Larry Shoop
|
0-0: Ball 1-0: Called Strike 1-1: Ball 2-1: Ball 3-1: Fly out, F9 (Flyball, 9LM, EV 86.9 MPH)
|
|
Batting: RHB Chris Graham
|
0-0: Foul Ball, location: 2F 0-1: Ball 1-1: DOUBLE (Line Drive, 7LM, EV 96.9 MPH)
|
|
Batting: RHB Gang-sheng Chew
|
0-0: Called Strike 0-1: Ball 1-1: Swinging Strike 1-2: Foul Ball, location: 2F 1-2: Ground out 5-3 (Groundball, 56, EV 86.2 MPH)
|
| Bottom of the 5th over - 0 runs, 1 hit, 0 errors, 1 left on base; Windy City 2 - New Jersey 3 |
| TOP OF THE 6TH |
|
Windy City ThunderBolts batting - Pitching for New Jersey Devils : LHP Dan Bremseth
|
|
Batting: RHB Adan Lake
|
0-0: Ground out 5-3 (Groundball, 56S, EV 68.8 MPH)
|
|
Batting: RHB Mike Rosa
|
0-0: Foul Ball, location: 2F 0-1: Ground out 4-3 (Groundball, 4, EV 84.4 MPH)
|
|
Batting: RHB Armando Vazquez
|
0-0: Ball 1-0: Called Strike 1-1: Foul Ball, location: 2F 1-2: Ball 2-2: Foul Ball, location: 2F 2-2: Fly out, F3 (Popup, 34, EV 80.6 MPH)
|
| Top of the 6th over - 0 runs, 0 hits, 0 errors, 0 left on base; Windy City 2 - New Jersey 3 |
| BOTTOM OF THE 6TH |
|
New Jersey Devils batting - Pitching for Windy City ThunderBolts : LHP Juan Fuentes
|
|
Batting: SHB Alex Cavazos
|
0-0: Foul Ball, location: 2F 0-1: Ball 1-1: Foul Ball, location: 2F 1-2: Foul Ball, location: 2F 1-2: Strikes out swinging
|
|
Batting: RHB Chris Artz
|
0-0: Swinging Strike 0-1: Ball 1-1: Ball 2-1: Swinging Strike 2-2: Ball 3-2: Strikes out swinging
|
|
Batting: RHB Jose Lara
|
0-0: Foul Ball, location: 2F 0-1: Swinging Strike 0-2: Strikes out swinging
|
| Bottom of the 6th over - 0 runs, 0 hits, 0 errors, 0 left on base; Windy City 2 - New Jersey 3 |
| TOP OF THE 7TH |
|
Windy City ThunderBolts batting - Pitching for New Jersey Devils : LHP Dan Bremseth
|
|
Pitching: LHP Keith Noftall
|
|
|
Batting: LHB Eddie Reyes
|
0-0: Called Strike 0-1: Swinging Strike 0-2: Ball 1-2: Strikes out swinging
|
|
Batting: RHB Vladmiri Nugaibekov
|
0-0: Foul Ball, location: 2F 0-1: SINGLE (Groundball, 6D, EV 95.6 MPH)
|
|
Batting: RHB Mario Gomez
|
0-0: Fly out, F9 (Flyball, 9, EV 91.2 MPH)
|
|
Batting: SHB Alfie Bungledorf
|
0-0: Called Strike 0-1: Ball 1-1: Foul Ball, location: 2F 1-2: Foul Ball, location: 2F 1-2: 2-RUN HOME RUN (Flyball, 7LD, EV 101.2 MPH), Distance : 360 ft
|
|
Batting: LHB Adam Tarbutton
|
0-0: Ball 1-0: Called Strike 1-1: Ball 2-1: Ball 3-1: Base on Balls
|
|
Batting: LHB Matt Hyde
|
0-0: Called Strike 0-1: Ball 1-1: Ball 2-1: Fly out, F8 (Flyball, 8RXD, EV 111.2 MPH)
|
| Top of the 7th over - 2 runs, 2 hits, 0 errors, 1 left on base; Windy City 4 - New Jersey 3 |
| BOTTOM OF THE 7TH |
|
New Jersey Devils batting - Pitching for Windy City ThunderBolts : LHP Juan Fuentes
|
|
Pitching: RHP Maury Compson
|
|
|
Batting: SHB Keith Casner
|
0-0: Called Strike 0-1: Ball 1-1: Ball 2-1: Fly out, F8 (Flyball, 8RS, EV 91.2 MPH)
|
|
Batting: SHB Jerry Burrows
|
0-0: Ball 1-0: Called Strike 1-1: Called Strike 1-2: Ground out 1-3 (Groundball, 15S, EV 70.6 MPH)
|
|
Pinch Hitting: LHB Jeremy Moorehead
|
0-0: Ball 1-0: Ball 2-0: Ball 3-0: Base on Balls
|
|
Batting: RHB Larry Shoop
|
0-0: Ball 1-0: Fly out, F8 (Flyball, 8LD, EV 90.0 MPH)
|
| Bottom of the 7th over - 0 runs, 0 hits, 0 errors, 1 left on base; Windy City 4 - New Jersey 3 |
| TOP OF THE 8TH |
|
Windy City ThunderBolts batting - Pitching for New Jersey Devils : LHP Keith Noftall
|
|
Now at 1B: Justin Wallace
|
|
|
Batting: RHB Adan Lake
|
0-0: Fly out, F8 (Line Drive, 8LM, EV 106.2 MPH)
|
|
Batting: RHB Mike Rosa
|
0-0: Foul Ball, location: 2F 0-1: Ball 1-1: Foul Ball, location: 2F 1-2: Foul Ball, location: 2F 1-2: Ball 2-2: Foul Ball, location: 2F 2-2: Foul Ball, location: 2F 2-2: Fly out, F8 (Flyball, 8RM, EV 81.2 MPH)
|
|
Batting: RHB Armando Vazquez
|
0-0: Ball 1-0: SINGLE (Flyball, 4MD, EV 88.8 MPH)
|
|
Batting: LHB Eddie Reyes
|
0-0: Ball 1-0: Reached on error, E6 (Groundball, 6, EV 81.2 MPH) Armando Vazquez to second
|
|
Batting: RHB Vladmiri Nugaibekov
|
0-0: Called Strike 0-1: Called Strike 0-2: Foul Ball, location: 2F 0-2: Ball 1-2: Ball 2-2: Strikes out swinging
|
| Top of the 8th over - 0 runs, 1 hit, 1 error, 2 left on base; Windy City 4 - New Jersey 3 |
| BOTTOM OF THE 8TH |
|
New Jersey Devils batting - Pitching for Windy City ThunderBolts : RHP Maury Compson
|
|
Pitching: RHP Alec Guglielmo
|
|
|
Batting: RHB Chris Graham
|
0-0: Swinging Strike 0-1: Ball 1-1: Ball 2-1: Foul Ball, location: 2F 2-2: Foul Ball, location: 2F 2-2: Ball 3-2: Foul Ball, location: 2F 3-2: Strikes out swinging
|
|
Batting: RHB Gang-sheng Chew
|
0-0: Foul Ball, location: 2F 0-1: Ball 1-1: Ball 2-1: Foul Ball, location: 2F 2-2: Ball 3-2: Foul Ball, location: 2F 3-2: Foul Ball, location: 2F 3-2: Foul Ball, location: 2F 3-2: Base on Balls
|
|
Pitching: RHP Craig Potter
|
|
|
Batting: SHB Alex Cavazos
|
0-0: Called Strike 0-1: Ball 1-1: Foul Ball, location: 2F 1-2: Fielders Choice at 2nd, 3-6 (Groundball, 3S, EV 81.2 MPH)
|
|
Pinch Hitting: LHB Bayesa Mundhir
|
0-0: Ball 1-0: Ground out U3 (Groundball, 3S, EV 70.6 MPH)
|
| Bottom of the 8th over - 0 runs, 0 hits, 0 errors, 1 left on base; Windy City 4 - New Jersey 3 |
| TOP OF THE 9TH |
|
Windy City ThunderBolts batting - Pitching for New Jersey Devils : LHP Keith Noftall
|
|
Pitching: RHP Jason Jones
|
|
|
Now in LF: Alex Cavazos
|
|
|
Now in RF: Matt Baker
|
|
|
Batting: RHB Mario Gomez
|
0-0: Foul Ball, location: 2F 0-1: Ball 1-1: Ball 2-1: Foul Ball, location: 2F 2-2: Foul Ball, location: 2F 2-2: Ball 3-2: Fly out, F6 (Flyball, 6D, EV 91.9 MPH)
|
|
Batting: SHB Alfie Bungledorf
|
0-0: Ball 1-0: Foul Ball, location: 2F 1-1: Fly out, F9 (Flyball, 9D, EV 105.0 MPH)
|
|
Batting: LHB Adam Tarbutton
|
0-0: Ground out U3 (Groundball, 3, EV 106.9 MPH)
|
| Top of the 9th over - 0 runs, 0 hits, 0 errors, 0 left on base; Windy City 4 - New Jersey 3 |
| BOTTOM OF THE 9TH |
|
New Jersey Devils batting - Pitching for Windy City ThunderBolts : RHP Craig Potter
|
|
Pitching: LHP Silas Chartier
|
|
|
Batting: RHB Jose Lara
|
0-0: Called Strike 0-1: Foul Ball, location: 2F 0-2: Ball 1-2: Ball 2-2: Ball 3-2: Fly out, F9 (Flyball, 9LM, EV 89.4 MPH)
|
|
Batting: SHB Keith Casner
|
0-0: Ball 1-0: Ground out 6-3 (Groundball, 6, EV 81.2 MPH)
|
|
Batting: SHB Jerry Burrows
|
0-0: Fly out, F9 (Flyball, 9LS, EV 85.6 MPH)
|
| Bottom of the 9th over - 0 runs, 0 hits, 0 errors, 0 left on base; Windy City 4 - New Jersey 3 |
|